 Dungeon Crawl Stone Soup version 0.21.1-1-g345015f (webtiles) character file.

144 Mesmaeker13 the Charmwright (level 4, 0/37 HPs)
             Began as a Demigod Skald on Mar 1, 2018.
             Slain by Natasha (7 damage)
             ... on level 2 of the Dungeon.
             The game lasted 00:03:14 (2863 turns).

Mesmaeker13 the Charmwright (Demigod Skald)         Turns: 2863, Time: 00:03:15

Health: 0/37       AC:  6    Str: 16    XL:     4   Next: 77%
Magic:  9/9        EV: 17    Int: 17    God:
Gold:   140        SH:  0    Dex: 15    Spells: 5/6 levels left

rFire    . . .     SeeInvis .   a - +0 falchion
rCold    . . .     Gourm    .   (no shield)
rNeg     . . .     Faith    .   b - +0 leather armour
rPois    .         Spirit   .   (no helmet)
rElec    .         Reflect  .   (no cloak)
rCorr    .         Harm     .   (no gloves)
MR       .....                  o - +2 pair of boots
Stlth    +.........             (no amulet)
HPRegen  0.12/turn              i - +5 ring of evasion
MPRegen  0.11/turn              (no ring)

@: no status effects
A: high mp 1
a: no special abilities


You were on level 2 of the Dungeon.
You were not hungry.

You visited 1 branch of the dungeon, and saw 4 of its levels.

You collected 140 gold pieces.

Inventory:

Hand Weapons
 a - a +0 falchion (weapon)
Armour
 b - a +0 leather armour (worn)
 o - a +2 pair of boots (worn)
Jewellery
 i - a +5 ring of evasion (left hand)
Wands
 n - a wand of polymorph (11)
Scrolls
 e - a scroll of identify {unknown}
 g - a scroll of amnesia {unknown}
 h - a scroll of teleportation {unknown}
 j - a scroll of enchant weapon {unknown}
 l - 3 scrolls of magic mapping
Potions
 f - 2 potions of degeneration {unknown}
 m - a potion of might {unknown}
Books
 c - a book of Battle

   Spells                             Type                      Level
   a - Infusion                       Charms                       1
   b - Shroud of Golubria             Charms/Translocation         2
   c - Song of Slaying                Charms                       2
   d - Spectral Weapon                Hexes/Charms                 3
   e - Regeneration                   Charms/Necromancy            3
Comestibles
 d - 3 rations
 k - a chunk of flesh


   Skills:
 + Level 2.8 Fighting
 + Level 2.8 Long Blades
 + Level 2.2 Armour
 - Level 1.7 Dodging
 - Level 1.7 Spellcasting
 + Level 3.4 Charms


You had 5 spell levels left.
You knew the following spells:

 Your Spells              Type           Power        Failure   Level  Hunger
a - Infusion              Chrm           ##..         6%          1    #......


Dungeon Overview and Level Annotations

Branches:
Dungeon (4/15)
 Temple: D:4-7

Annotations:
D:2 Natasha, Sigmund


Innate Abilities, Weirdness & Mutations

You have an increased reservoir of magic. (+10% MP)


Message History

You barely miss Natasha.
Natasha is severely wounded.
The iron imp spits at you.
Natasha mumbles some strange words.
You feel disoriented. Natasha claws you.
You hit Natasha.
Natasha is severely wounded.
The iron imp disappears in a puff of smoke!
Natasha closely misses you.
You closely miss Natasha.
Natasha is severely wounded.
Natasha claws you.
You barely miss Natasha.
Natasha is severely wounded.
Natasha casts a spell at you. The magic dart hits you!
* * * LOW HITPOINT WARNING * * *
Natasha claws you!
You die...

.................#
#.###......#
......###........#
#.##.......#
......# #........#
#.##....#...
......# #........#
#.##.)..##..
......# #.....†..#
#....##÷. ......#
#........#
#....##.. #######
#....b..§#
#....##..
####...#h#
#.....'.. #.hb#@#
#...###.. #.5.#.#
#...# #.. #...#.#
#...# #.. #...#.#
#...# #.. ....#.#
#...# #.. .....#..
##### ###
.....###+ .......
...........
#.....# #####


You could see Natasha.

Vanquished Creatures
  6 adders
  An ooze (D:2)
  3 worms
  4 leopard geckos
  4 bats
  4 giant cockroaches
  4 goblins
  9 hobgoblins
  11 jackals
  A quokka (D:3)
  A ball python (D:2)
  5 frilled lizards
  10 kobolds
  10 rats
73 creatures vanquished.

Notes
Turn   | Place    | Note
-------+----------+-------------------------------------------
     0 | D:1      | Mesmaeker13 the Demigod Skald began the quest for the Orb.
     0 | D:1      | Reached XP level 1. HP: 17/17 MP: 5/5
    74 | D:1      | Reached skill level 1 in Armour
   436 | D:1      | Reached XP level 2. HP: 16/24 MP: 7/7
   662 | D:1      | Reached skill level 3 in Charms
  1021 | D:2      | Reached XP level 3. HP: 27/29 MP: 8/8
  1801 | D:2      | Noticed Sigmund
  1857 | D:3      | Reached XP level 4. HP: 36/37 MP: 9/9
  2680 | D:4      | Noticed an ogre
  2795 | D:4      | Noticed a phantom
  2843 | D:2      | Noticed Natasha
  2863 | D:2      | Slain by Natasha

Skill      XL: |  1  2  3  4 |
---------------+-------------+-----
Armour         | 1 2 |  2.2
Long Blades    | 2 |  2.8
Fighting       | 2 |  2.8
Charms         | 3 |  3.4
Dodging        | |  1.7
Spellcasting   | |  1.7

Action                   |  1- 3 |  4- 6 || total
-------------------------+-------+-------++-------
Melee: Falchion          |   148 |    77 ||   225
  Use: Scroll            |       |     1 ||     1
  Eat: Chunk             |     3 |     4 ||     7
Armor: Leather armour    |    29 |    14 ||    43
Dodge: Dodged            |   135 |    80 ||   215
       Rpst.: Falchion   |    45 |    22 ||    67
